 Dungeon Crawl Stone Soup version 0.31-a0-848-gaac375c287 (webtiles) character file.

Game seed: 8682577658127781330

560 IdlyInterested the Trooper (level 7, -5/59 HPs)
             Began as a Demonspawn Wanderer on Oct 4, 2023.
             Slain by Pikel
             ... wielding a +2 whip of flaming
              (8 damage)
             ... on level 5 of the Dungeon.
             The game lasted 00:10:54 (3451 turns).

IdlyInterested the Trooper (Demonspawn Wanderer)    Turns: 3451, Time: 00:10:55

Health: -5/59      AC:  8    Str: 10    XL:     7   Next: 9%
Magic:  8/8        EV:  8    Int: 10    God:
Gold:   192        SH:  0    Dex: 22    Spells: 6/6 levels left

rFire   . . .        a - +0 war axe
rCold   . . .        c - +0 buckler
rNeg    . . .        E - +0 scale mail
rPois   .            x - +0 helmet
rElec   .            (no cloak)
rCorr   .            j - +0 pair of gloves
SInv    .            (no boots)
Will    .....        (no amulet) Stlth
                     (no ring)
HPRegen 0.29/turn    (no ring)
MPRegen 0.11/turn

%: no passive effects
@: confused, ambrosia-drunk, hasted, very quick
A: hooves 1, powered by death 1, agile 1, wild magic 1
a: no special abilities


You were on level 5 of the Dungeon.
You visited 1 branch of the dungeon, and saw 6 of its levels.

You collected 192 gold pieces.

Inventory:

Hand Weapons
 a - a +0 war axe (weapon)
 b - a +0 short sword
 m - a +1 dagger of draining
 u - a +0 dagger of venom
 w - a +0 spear
 y - a +0 morningstar
Missiles
 k - 2 throwing nets
 s - a javelin
Armour
 c - a +0 buckler (worn)
 e - a +0 robe
 j - a +0 pair of gloves (worn)
 l - a +0 ring mail
 p - a +0 chain mail
 r - a +0 leather armour
 x - a +0 helmet (worn)
 E - a +0 scale mail (worn)
Jewellery
 q - a ring of ice
Scrolls
 d - a scroll of immolation
 g - a scroll of blinking
 n - a scroll of fog
 A - a scroll of fear
 C - 2 scrolls of identify
Potions
 f - a potion of haste
 h - a potion of resistance {unknown}
 i - a potion of mutation
 t - a potion of enlightenment {unknown}
 z - a potion of magic {unknown}
 B - a potion of brilliance {unknown}


   Skills:
 * Level 6.8 Fighting
 - Level 2.0 Short Blades
 - Level 2.0 Axes
 - Level 1.0 Armour
 - Level 1.0 Dodging
 - Level 1.0 Stealth
 + Level 2.9 Shields
 - Level 2.0 Invocations
 - Level 1.0 Evocations


You had 6 spell levels left.
You didn't know any spells.
Your spell library contained the following spells:

 Spells                   Type           Power      Damage    Failure   Level
 Freeze                   Ice            0%         1d3       99%         1
 Call Canine Familiar     Summ           0%         N/A       100%        3
 Frozen Ramparts          Ice            0%         1d1       100%        3
 Hailstorm                Conj/Ice       0%         3d3       100%        3
 Ignite Poison            Fire/Tmut/Pois 0%         N/A       100%        3
 Sigil of Binding         Hex            0%         N/A       100%        3
 Dimensional Bullseye     Hex/Tloc       0%         N/A       100%        4
 Leda's Liquefaction      Hex/Erth       0%         N/A       100%        4
 Sticky Flame             Conj/Fire      0%         2d3       100%        4
 Ignition                 Fire           0%         3d3       100%        8


Dungeon Overview and Level Annotations

Branches:
Dungeon (6/15)
 Temple: D:4-7

Altars:
Cheibriados
Fedhas
Sif Muna

Annotations:
D:5 Pikel


Innate Abilities, Weirdness & Mutations

You have large cloven feet.
You regenerate a little health from kills.
You are agile. (Dex +4, Str/Int -1)
Your spells are a little harder to cast, but a little more powerful.


Message History

Pikel burns you.
You hit Pikel but do no damage. You kick Pikel.
Pikel is moderately wounded.
Pikel says, "You'll make a fine lemure."
Pikel hits you with a +2 whip of flaming.
Pikel burns you.
You hit Pikel. You kick Pikel.
Pikel is heavily wounded.
Pikel hits you with a +2 whip of flaming.
Pikel burns you.
You hit Pikel.
Pikel is severely wounded.
You hit Pikel.
Pikel is severely wounded.
Pikel completely misses you.
You hit Pikel. You kick Pikel, but do no damage.
Pikel is severely wounded.
Pikel says, "Hell isn't that bad."
Pikel hits you with a +2 whip of flaming.
Pikel burns you.
You closely miss Pikel. You kick Pikel, but do no damage.
Pikel is severely wounded.
Pikel hits you with a +2 whip of flaming!
Pikel burns you.
You hit Pikel but do no damage.
Pikel is severely wounded.
Pikel hits you with a +2 whip of flaming.
Pikel burns you.
You hit Pikel but do no damage.
Pikel is severely wounded.
Pikel hits you with a +2 whip of flaming!
* * * LOW HITPOINT WARNING * * *
Pikel burns you.
* * * LOW HITPOINT WARNING * * *
Unknown command.
You are confused.
You feel invigorated.
Pikel hits you with a +2 whip of flaming!
You die...
Pikel says, "Another soul for the market."

..# ..#
..####
...†.#
####.#
(##
##.#.#
(...
##.###
(...h####
##. #
....55K.#
####.#
#@#
.....#
#.#
..####
#.# ..#
#.# ..#
#.# ..#
#.# ..#
#.# #.#
#.# #.#
#.#


You could see Pikel, 2 lemures and a hound.

Vanquished Creatures
  Sigmund (D:2)
  An ice beast (D:6)
  A scorpion (D:5)
  A howler monkey (D:4)
  An orc priest (D:4)
  A hound (D:4)
  An iguana (D:4)
  Robin (D:3)
  A gnoll (D:1)
  3 adders
  A worm (D:3)
  3 dart slugs
  8 orcs
  6 ball pythons
  3 bats
  6 endoplasms
  2 giant cockroaches (D:1)
  8 goblins
  12 hobgoblins
  7 jackals
  A kobold (D:2)
  A quokka (D:4)
  2 frilled lizards
  A rat (D:1)
73 creatures vanquished.

Notes
Turn   | Place    | Note
-------+----------+-------------------------------------------
     0 | D:1      | IdlyInterested the Demonspawn Wanderer began the quest for
                  | the Orb.
     0 | D:1      | IdlyInterested set off with the following items: a +0 war
                  | axe, a +0 short sword, a +0 buckler, a potion of berserk
                  | rage, a +0 robe.
     0 | D:1      | Reached XP level 1. HP: 18/18 MP: 1/1
   305 | D:1      | Gained mutation: You have large cloven feet. [demonic
                  | ancestry]
   305 | D:1      | Reached XP level 2. HP: 17/24 MP: 2/2
   993 | D:2      | Reached XP level 3. HP: 29/29 MP: 3/3
  1359 | D:2      | Noticed Sigmund
  1369 | D:2      | Gained mutation: You are agile. (Dex +4, Str/Int -1)
                  | [potion of mutation]
  1369 | D:2      | Gained mutation: Your spells are a little harder to cast,
                  | but a little more powerful. [potion of mutation]
  1371 | D:2      | Killed Sigmund
  1372 | D:2      | Reached skill level 5 in Fighting
  1372 | D:2      | Reached skill level 1 in Dodging
  1372 | D:2      | Gained mutation: You regenerate a little health from kills.
                  | [demonic ancestry]
  1372 | D:2      | Reached XP level 4. HP: 14/39 MP: 4/4
  1372 | D:2      | Reached XP level 5. HP: 16/44 MP: 5/5
  2004 | D:3      | Noticed Robin
  2025 | D:3      | Reached skill level 1 in Stealth
  2030 | D:3      | Killed Robin
  2242 | D:3      | Found a blossoming altar of Fedhas.
  2387 | D:3      | Found a snail-covered altar of Cheibriados.
  2929 | D:4      | Reached XP level 6. HP: 51/52 MP: 7/7
  2938 | D:4      | Reached skill level 1 in Evocations
  2950 | D:4      | Reached skill level 6 in Fighting
  3104 | D:4      | You fall into a shaft and drop 2 floors!
  3134 | D:6      | Noticed an ice beast
  3152 | D:6      | Killed an ice beast
  3274 | D:5      | Entered Level 5 of the Dungeon
  3351 | D:5      | Reached XP level 7. HP: 44/59 MP: 8/8
  3395 | D:5      | Found a shimmering blue altar of Sif Muna.
  3431 | D:5      | Noticed Pikel
  3450 | D:5      | HP: 1/59 [Pikel/+2 whip of flaming (6)]
  3451 | D:5      | Slain by Pikel

Illustrated notes

Levels and vault maps discovered:
D:1:      psy_arrival_dodecagon, layout_loops_corners
D:2:      layout_loops_ring, uniq_sigmund
D:3:      layout_basic, mainiacjoe_overflow_concentric_impassable, slow_altar_1,
          wad_orctagon, uniq_robin
D:4:      layout_cave_pools, nemelex_spade_bored_becter
D:5:      layout_basic, grunt_temple_overflow_lords_of_destruction,
          mainiacjoe_overflow_24_doors, led_sif_pool, enter_ossuary_3,
          bh_walls_and_bars, uniq_pikel, uniq_blork_the_orc, uniq_menkaure,
          uniq_edmund
D:6:      layout_loops_ring, okawaru_trees_1, temple_pool_b

Skill      XL: |  1  2  3  4  5  6 |
---------------+-------------------+-----
Axes           | 2 |  2.0
Short Blades   | 2 |  2.0
Fighting       | 5 6 |  6.8
Dodging        | 1 |  1.0
Shields        | 2 |  2.9
Stealth        | 1 |  1.0
Invocations    | 2 |  2.0
Evocations     | 1 |  1.0
Armour         | |  1.0

Action                     |  1- 3 |  4- 6 |  7- 9 || total
---------------------------+-------+-------+-------++-------
  Melee: War axe           |    51 |   164 |    12 ||   227
         Kick              |     8 |    49 |     6 ||    63
  Throw: Javelin           |       |       |     6 ||     6
    Use: Potion            |     3 |     1 |     2 ||     6
         Scroll            |       |     4 |       ||     4
   Stab: Sleeping          |     2 |       |       ||     2
 Armour: Robe              |    15 |       |       ||    15
         Ring mail         |    16 |    97 |       ||   113
         Scale mail        |       |    40 |    10 ||    50
  Dodge: Dodged            |    34 |    90 |     2 ||   126
  Block: Buckler           |     9 |    56 |     2 ||    67

Table legend: (Time is in decaauts)
 A = Elapsed time spent in this place.
 B = Non-inter-level travel time spent in this place.
 C = Inter-level travel time spent in this place.
 D = Time resting spent in this place.
 E = Time spent auto-exploring this place.
 F = Levels seen in this place.
 G = Mean time per level.
                   A        B        C        D        E       F      G
               +--------+--------+--------+--------+--------+-----+--------+
         Total |   3540 |   2851 |    689 |    323 |   1683 |   6 |  590.0 |
       Dungeon |   3540 |   2851 |    689 |    323 |   1683 |   6 |  590.0 |
               +--------+--------+--------+--------+--------+-----+--------+

Top non-repeatable levels by time:
     D:1: 1246 daAuts
     D:3: 918 daAuts
     D:2: 883 daAuts
     D:5: 179 daAuts
     D:6: 177 daAuts
     D:4: 134 daAuts
